 Dungeon Crawl Stone Soup version 0.29-a0-222-g5b244fca1f (webtiles) character file.

Game seed: 6405879975295322148

272 GraveyardiganJr the Insei (level 6, -5/47 HPs)
             Began as a Gnoll Transmuter on Feb 27, 2022.
             Slain by Ijyb
             ... wielding a +0 war axe
              (7 damage)
             ... on level 4 of the Dungeon.
             The game lasted 00:17:36 (2783 turns).

GraveyardiganJr the Insei (Gnoll Transmuter)        Turns: 2783, Time: 00:17:36

Health: -5/47      AC:  0    Str: 15    XL:     6   Next: 23%
Magic:  0/14       EV: 17    Int: 15    God:
Gold:   136        SH:  0    Dex: 12    Spells: 12/15 levels left

rFire   . . .      SeeInvis .     - Unarmed
rCold   . . .      Faith    .   (no shield)
rNeg    . . .      Spirit   +   c - +0 leather armour
rPois   .          Reflect  .   (helmet currently unavailable)
rElec   .          Harm     .   m - +0 cloak
rCorr   .          Rampage  .   (no gloves)
Will    .....                   (boots currently unavailable)
Stlth   ++........              y - amulet of guardian spirit
HPRegen 0.15/turn               r - +6 ring of strength
MPRegen 0.14/turn               w - +4 ring of evasion

@: appendages, corroded
A: horns 2, talons 2, fangs 1, strong nose, distributed training
a: End Transformation


You were on level 4 of the Dungeon.
You had temporarily grown beastly horns and talons.
You visited 1 branch of the dungeon, and saw 4 of its levels.

You collected 136 gold pieces.

Inventory:

Hand Weapons
 b - a +0 hunting sling
 d - a +0 spear
 k - a +1 flail of protection
 x - a +0 dagger of electrocution
Missiles
 e - 54 stones
 v - 3 silver boomerangs
 z - 3 boomerangs
Armour
 a - a +0 robe
 c - a +0 leather armour (worn)
 g - a +0 pair of boots (melded)
 m - a +0 cloak (worn)
 o - a +0 ring mail
 B - a scarf of invisibility
Jewellery
 i - an amulet of magic regeneration
 r - a +6 ring of strength (left hand)
 t - an amulet of the acrobat
 w - a +4 ring of evasion (right hand)
 y - an amulet of guardian spirit (around neck)
Scrolls
 f - a scroll of holy word {unknown}
 h - a scroll of teleportation {unknown}
 l - a scroll of magic mapping {unknown}
 n - a scroll of enchant armour {unknown}
 q - a scroll of vulnerability {unknown}
 s - a scroll of amnesia {unknown}
 A - a scroll of torment {unknown}
Potions
 j - a potion of haste
 p - 2 potions of attraction {unknown}
 u - 2 potions of curing {unknown}


   Skills:
 + Level 3.2 Fighting
 + Level 1.8 Short Blades
 + Level 1.8 Long Blades
 + Level 1.8 Axes
 + Level 1.8 Maces & Flails
 + Level 1.8 Polearms
 + Level 1.8 Staves
 + Level 1.8 Slings
 + Level 1.8 Bows
 + Level 1.8 Crossbows
 + Level 1.8 Throwing
 + Level 1.8 Armour
 + Level 4.9 Dodging
 + Level 1.8 Stealth
 + Level 1.8 Shields
 + Level 6.8 Unarmed Combat
 + Level 5.3 Spellcasting
 + Level 1.4 Conjurations
 + Level 1.4 Hexes
 + Level 1.4 Summonings
 + Level 1.4 Necromancy
 + Level 1.4 Translocations
 + Level 4.1 Transmutations
 + Level 1.4 Fire Magic
 + Level 1.4 Ice Magic
 + Level 1.4 Air Magic
 + Level 1.4 Earth Magic
 + Level 1.4 Poison Magic
 + Level 2.0 Invocations
 + Level 1.8 Evocations


You had 12 spell levels left.
You knew the following spells:

 Your Spells              Type           Power      Damage    Failure   Level
a - Beastly Appendage     Tmut           32%        N/A       3%          1
b - Wereblood             Tmut           16%        N/A       5%          2

Your spell library contained the following spells:

 Spells                   Type           Power      Damage    Failure   Level
 Spider Form              Tmut/Pois      12%        N/A       19%         3
 Ozocubu's Armour         Ice            8%         N/A       32%         3
 Ice Form                 Ice/Tmut       12%        N/A       52%         4
 Ozocubu's Refrigeration  Ice            4%         4d5       100%        7


Dungeon Overview and Level Annotations

Branches:
Dungeon (4/15)
 Temple: D:4-7

Altars:
Ru

Annotations:
D:4 Ijyb


Innate Abilities, Weirdness & Mutations

You have temporarily grown beastly horns and talons.
You have very sharp teeth.
Your uncanny sense of smell can sniff out nearby items.
Your experience applies equally to all skills.


Message History

Your +0 pair of boots melds into your body.
The kobold shouts!
The hobgoblin hits you but does no damage.
You hit the hobgoblin. You claw the hobgoblin.
You kill the hobgoblin!
You see here a hobgoblin corpse.
You barely miss the kobold.
Okay, then.
You punch the kobold!
You kill the kobold!
Ijyb drinks a potion.
Ijyb flickers and vanishes!
Deactivating autopickup; reactivate with Ctrl-A.
You see here a +0 whip.
Okay, then.
Something barely misses you.
You miss something. Your kick misses something. Your headbutt misses something.
Something hits you.
You hit something but do no damage. You claw something.
Your headbutt misses something. Something barely misses you.
You punch something! Your headbutt misses something. Something hits you!
You barely miss something.
You hear a zap.
A bolt of acid appears from out of thin air!
The bolt of acid hits you!!!
Ouch! That really hurt!
* * * LOW HITPOINT WARNING * * *
The acid corrodes you!
You hit something but do no damage. Your punch misses something.
You hear a zap.
A bolt of acid appears from out of thin air!
The bolt of acid misses you.
You hit something but do no damage. Your kick misses something.
You headbutt something. Something hits you.
* * * LOW HITPOINT WARNING * * *
You barely miss something. Your kick misses something. You headbutt something.
Something barely misses you.
You miss something. Your kick misses something. Your headbutt misses something.
You miss something. Your kick misses something. Your punch misses something.
Something hits you!
You die...

## ## . .# #. #
#.# #. #..###.
...#. #########
...#####.......#
#{.......# #...#
#@#####..###...###
#)##..............
#†##.##...........
#.##..............
#........###...###
########.# #...#
#†###...###
#.#.......#
#.#.......#


There were no monsters in sight!

Vanquished Creatures
  An ogre (D:3)
  An orc priest (D:3)
  2 orc wizards (D:3)
  5 adders
  A worm (D:2)
  3 dart slugs
  4 orcs (D:3)
  5 ball pythons
  2 bats
  2 endoplasms
  A giant cockroach (D:2)
  10 goblins
  3 hobgoblins
  4 jackals (D:2)
  3 frilled lizards
  7 kobolds
  2 rats
56 creatures vanquished.

Notes
Turn   | Place    | Note
-------+----------+-------------------------------------------
     0 | D:1      | GraveyardiganJr the Gnoll Transmuter began the quest for
                  | the Orb.
     0 | D:1      | Reached XP level 1. HP: 17/17 MP: 6/6
    55 | D:1      | Found a faded altar of an unknown god.
    70 | D:1      | Prayed at the altar of an unknown god.
    70 | D:1      | Became a worshipper of Ru the Awakened
    74 | D:1      | Fell from the grace of Ru
   544 | D:1      | Reached XP level 2. HP: 21/23 MP: 7/7
   547 | D:1      | Learned a level 2 spell: Wereblood
  1243 | D:2      | Reached skill level 5 in Spellcasting
  1243 | D:2      | Reached XP level 3. HP: 28/28 MP: 7/9
  1449 | D:2      | Reached skill level 1 in Invocations
  1564 | D:2      | Reached skill level 1 in Short Blades
  1564 | D:2      | Reached skill level 1 in Long Blades
  1564 | D:2      | Reached skill level 1 in Axes
  1564 | D:2      | Reached skill level 1 in Maces & Flails
  1564 | D:2      | Reached skill level 1 in Polearms
  1564 | D:2      | Reached skill level 1 in Staves
  1564 | D:2      | Reached skill level 1 in Slings
  1564 | D:2      | Reached skill level 1 in Bows
  1564 | D:2      | Reached skill level 1 in Crossbows
  1564 | D:2      | Reached skill level 1 in Throwing
  1564 | D:2      | Reached skill level 1 in Armour
  1564 | D:2      | Reached skill level 1 in Stealth
  1564 | D:2      | Reached skill level 1 in Shields
  1564 | D:2      | Reached skill level 1 in Evocations
  2112 | D:3      | Reached XP level 4. HP: 34/34 MP: 11/11
  2151 | D:3      | Reached skill level 1 in Conjurations
  2151 | D:3      | Reached skill level 1 in Hexes
  2151 | D:3      | Reached skill level 1 in Summonings
  2151 | D:3      | Reached skill level 1 in Necromancy
  2151 | D:3      | Reached skill level 1 in Translocations
  2151 | D:3      | Reached skill level 1 in Fire Magic
  2151 | D:3      | Reached skill level 1 in Ice Magic
  2151 | D:3      | Reached skill level 1 in Air Magic
  2151 | D:3      | Reached skill level 1 in Earth Magic
  2151 | D:3      | Reached skill level 1 in Poison Magic
  2157 | D:3      | Reached XP level 5. HP: 35/40 MP: 10/12
  2357 | D:3      | Identified the +1 robe of Incorporation {*Slow +Inv Str-5
                  | Int+10}
  2366 | D:3      | Noticed an ogre
  2380 | D:3      | Killed an ogre
  2381 | D:3      | Reached XP level 6. HP: 47/47 MP: 5/14
  2712 | D:4      | Noticed Ijyb
  2780 | D:4      | HP: 2/47 [something (2)]
  2783 | D:4      | Slain by Ijyb

Illustrated notes

Levels and vault maps discovered:
D:1:      eino_arrival_tree_alley, layout_loops_ring,
          chequers_ecumenical_altar_twisty
D:2:      layout_basic, eino_curves_04, kennysheep_boxes
D:3:      layout_rooms, minmay_ogre_servants
D:4:      layout_loops_cross, minmay_temple_entry_statues, uniq_ijyb

Skill      XL: |  1  2  3  4  5 |
---------------+----------------+-----
Spellcasting   | 5 |  5.3
Invocations    | 1 2 |  2.0
Short Blades   | 1 |  1.8
Long Blades    | 1 |  1.8
Axes           | 1 |  1.8
Maces & Flails | 1 |  1.8
Polearms       | 1 |  1.8
Staves         | 1 |  1.8
Slings         | 1 |  1.8
Bows           | 1 |  1.8
Crossbows      | 1 |  1.8
Throwing       | 1 |  1.8
Armour         | 1 |  1.8
Stealth        | 1 |  1.8
Shields        | 1 |  1.8
Evocations     | 1 |  1.8
Conjurations   | 1 |  1.4
Hexes          | 1 |  1.4
Summonings     | 1 |  1.4
Necromancy     | 1 |  1.4
Translocations | 1 |  1.4
Fire Magic     | 1 |  1.4
Ice Magic      | 1 |  1.4
Air Magic      | 1 |  1.4
Earth Magic    | 1 |  1.4
Poison Magic   | 1 |  1.4
Fighting       | 3 |  3.2
Transmutations | 4 |  4.1
Dodging        | |  4.9
Unarmed Combat | |  6.8

Action                   |  1- 3 |  4- 6 || total
-------------------------+-------+-------++-------
Melee: Unarmed           |    56 |    62 ||   118
       Headbutt          |     4 |     8 ||    12
       Kick              |     6 |     9 ||    15
       Punch             |     4 |     3 ||     7
       Bite              |     1 |     5 ||     6
 Fire: Hunting sling     |       |     6 ||     6
Throw: Stone             |     2 |     9 ||    11
 Cast: Beastly Appendage |    10 |     8 ||    18
       Wereblood         |     1 |     3 ||     4
Invok: Renounce Religion |     1 |       ||     1
  Use: Scroll            |       |     3 ||     3
       Potion            |       |     1 ||     1
Armor: Leather armour    |    12 |     6 ||    18
Dodge: Dodged            |    34 |    31 ||    65

Table legend: (Time is in decaauts)
 A = Elapsed time spent in this place.
 B = Non-inter-level travel time spent in this place.
 C = Inter-level travel time spent in this place.
 D = Time resting spent in this place.
 E = Time spent auto-exploring this place.
 F = Levels seen in this place.
 G = Mean time per level.
                   A        B        C        D        E       F      G
               +--------+--------+--------+--------+--------+-----+--------+
         Total |   2772 |   2713 |     59 |    291 |   1843 |   4 |  693.0 |
       Dungeon |   2772 |   2713 |     59 |    291 |   1843 |   4 |  693.0 |
               +--------+--------+--------+--------+--------+-----+--------+

Top non-repeatable levels by time:
     D:2: 1075 daAuts
     D:1: 1023 daAuts
     D:3: 620 daAuts
     D:4: 53 daAuts
